 Dungeon Crawl Stone Soup version 0.23-a0-629-gae4348f (webtiles) character file.

42 Lanoc the Ducker (level 3, -1/21 HPs)
             Began as a Deep Elf Gladiator on Dec 26, 2018.
             Slain by an iguana (7 damage)
             ... on level 2 of the Dungeon.
             The game lasted 00:02:48 (1348 turns).

Lanoc the Ducker (Deep Elf Gladiator)               Turns: 1348, Time: 00:02:49

Health: -1/21      AC:  4    Str: 11    XL:     3   Next: 35%
Magic:  7/7        EV: 14    Int: 13    God:
Gold:   47         SH:  0    Dex: 16    Spells: 4/4 levels left

rFire    + . .     SeeInvis .   a - +0 quarterstaff
rCold    + . .     Gourm    .   (shield currently unavailable)
rNeg     . . .     Faith    .   b - +0 leather armour
rPois    .         Spirit   .   c - +0 helmet
rElec    .         Reflect  .   g - scarf {rC+ rF+}
rCorr    .         Harm     .   (no gloves)
MR       .....                  (no boots)
Stlth    +.........             (no amulet)
HPRegen  0.07/turn              (no ring)
MPRegen  0.10/turn              (no ring)

@: no status effects
A: no striking features
a: no special abilities


You were on level 2 of the Dungeon.
You were hungry.

You visited 1 branch of the dungeon, and saw 2 of its levels.

You collected 47 gold pieces.

Inventory:

Hand Weapons
 a - a +0 quarterstaff (weapon)
Missiles
 d - 3 throwing nets (quivered)
Armour
 b - a +0 leather armour (worn)
 c - a +0 helmet (worn)
 g - a scarf of resistance (worn)
Scrolls
 h - a scroll of blinking {unknown}
Potions
 e - a potion of lignification {unknown}
Comestibles
 f - 4 rations


   Skills:
 - Level 1.7 Fighting
 * Level 3.8 Staves
 - Level 2.0 Throwing
 + Level 4.1 Dodging
 + Level 1.4 Spellcasting


You had 4 spell levels left.
You didn't know any spells.
Your spell library was empty.

Dungeon Overview and Level Annotations

Branches:
Dungeon (2/15)

Altars:


Message History

You hit the bat but do no damage.
You are feeling hungry.
The bat hits you but does no damage. The bat barely misses you.
You closely miss the bat. The bat misses you. The bat barely misses you.
You hit the bat.
You kill the bat!
You hit the iguana.
The iguana is moderately wounded.
The iguana closely misses you.
You hit the iguana but do no damage.
The iguana is moderately wounded.
The iguana bites you.
* * * LOW HITPOINT WARNING * * *
You hit the iguana but do no damage.
The iguana is moderately wounded.
The iguana barely misses you. The iguana closely misses you.
You hit the iguana.
The iguana is severely wounded.
The iguana bites you!
You die...

.## #.#.#.# .# #.#.#.#
.# #.#.#.# '## #.#.#.#
..## #.....# ...##
####.### ..).## ##.##.#
.....####.(.#.########..
.....'.........l@.......
)....####...#.########..
....## ##.##.# ...##
####.# ..## ... +## #.#
..# ###


You could see an iguana.

Vanquished Creatures
  An adder (D:2)
  A dart slug (D:1)
  A leopard gecko (D:1)
  2 ball pythons
  2 bats
  4 goblins
  5 hobgoblins
  A frilled lizard (D:1)
  11 kobolds
  5 rats (D:1)
33 creatures vanquished.

Vanquished Creatures (others)
  A plant (D:1)
1 creature vanquished.

Grand Total: 34 creatures vanquished

Notes
Turn   | Place    | Note
-------+----------+-------------------------------------------
     0 | D:1      | Lanoc the Deep Elf Gladiator began the quest for the Orb.
     0 | D:1      | Reached XP level 1. HP: 12/12 MP: 3/3
   338 | D:1      | Reached XP level 2. HP: 17/17 MP: 4/4
   775 | D:1      | You fall through a shaft!
   992 | D:1      | Reached skill level 4 in Dodging
   992 | D:1      | Reached skill level 1 in Spellcasting
  1047 | D:1      | Reached XP level 3. HP: 10/21 MP: 6/6
  1348 | D:2      | Slain by an iguana

Vault maps used:
D:1:      minmay_arrival_stair_chambers, corexii_item_surrounded_by_moat,
          lexackson_kobold_supper

Skill      XL: |  1  2 |
---------------+-------+-----
Dodging        | 4 |  4.1
Spellcasting   | 1 |  1.4
Fighting       | |  1.7
Staves         | |  3.8
Throwing       | |  2.0

Action                   || total
-------------------------++-------
Melee: Quarterstaff      ||   116
  Eat: Chunk             ||     1
Armor: Leather armour    ||    24
Dodge: Dodged            ||    80

Table legend:
 A = Non-vault XP
 B = Vault XP
 C = Vault XP percentage of total XP
 D = Non-vault monster count
 E = Vault monster count
 F = Vault count percentage of total count
                 A         B        C        D         E       F
            +---------+---------+-------+---------+---------+-------
      Total |      50 |      11 |  18.0 |      25 |       8 |  24.2
            +---------+---------+-------+---------+---------+-------
        D:1 |      29 |      11 |  27.5 |      18 |       8 |  30.8
        D:2 |      21 |       0 |   0.0 |       7 |       0 |   0.0
            +---------+---------+-------+---------+---------+-------
